 Dungeon Crawl Stone Soup version 0.27-a0-1334-g2746e35aca (webtiles) character file.

Game seed: 13030390258930938554

209 ploum the Ruffian (level 5, 0/52 HPs)
             Began as a Troll Monk on June 26, 2021.
             Succumbed to a scorpion's poison
             ... on level 5 of the Dungeon.
             The game lasted 00:11:10 (3114 turns).

ploum the Ruffian (Troll Monk)                      Turns: 3114, Time: 00:11:10

Health: 0/52       AC:  4    Str: 20    XL:     5   Next: 55%
Magic:  4/4        EV: 10    Int:  6    God:
Gold:   219        SH:  0    Dex: 12    Spells: 4/4 levels left

rFire    . . .     SeeInvis .     - Unarmed
rCold    . . .     Faith    .   (no shield)
rNeg     . . .     Spirit   .   a - +0 robe
rPois    .         Reflect  .   (helmet restricted)
rElec    .         Harm     .   (no cloak)
rCorr    .         Rampage  .   (gloves unavailable)
Will     .....                  (boots unavailable)
Stlth    ++........             (no amulet)
HPRegen  1.17/turn              (no ring)
MPRegen  0.09/turn              (no ring)

@: lethally poisoned (0 -> -3)
A: large, unfitting armour, claws 3, regeneration 1, shaggy fur 1, tough skin 1
a: no special abilities


You were on level 5 of the Dungeon.
You visited 1 branch of the dungeon, and saw 5 of its levels.

You collected 219 gold pieces.

Inventory:

Missiles
 j - 8 javelins (quivered)
Armour
 a - a +0 robe (worn)
 o - the +1 plate armour of the Past {Str+6 Int-5}
   (You found it on level 4 of the Dungeon)

   It affects your strength (+6).
   It affects your intelligence (-5).
Jewellery
 k - a +6 ring of strength
Scrolls
 b - a scroll of noise {unknown}
 e - 2 scrolls of amnesia {unknown}
 g - a scroll of blinking {unknown}
 h - 2 scrolls of enchant weapon {unknown}
 n - a scroll of vulnerability {unknown}
 r - a scroll of fog {unknown}
 s - a scroll of identify
Potions
 c - 2 potions of invisibility
 d - 5 potions of lignification
 f - a potion of flight {unknown}
 i - 2 potions of heal wounds
 l - a potion of attraction {unknown}
 m - a potion of haste {unknown}
 p - a potion of curing {unknown}
 q - a potion of brilliance {unknown}
 t - 2 potions of degeneration {unknown}


   Skills:
 + Level 2.9 Fighting
 + Level 3.4 Dodging
 - Level 1.0 Stealth
 + Level 5.2 Unarmed Combat


You had 4 spell levels left.
You didn't know any spells.
Your spell library contained the following spells:

 Spells                   Type           Power      Damage    Failure   Level
 Confusing Touch          Hex            0%         N/A       83%         3
 Gell's Gravitas          Tloc           0%         N/A       83%         3
 Petrify                  Tmut/Erth      0%         N/A       99%         4
 Metabolic Englaciation   Hex/Ice        0%         N/A       100%        5
 Yara's Violent Unravell  Hex/Tmut       0%         3d3       100%        5


Dungeon Overview and Level Annotations

Branches:
Dungeon (5/15)
 Temple: D:4-7

Altars:

Shops:
D:3 *((:   D:5 *


Innate Abilities, Weirdness & Mutations

You are too large for most types of armour.
You have claws for hands.
Your natural rate of healing is unusually fast.
You are covered in fur. (AC +1)
You have tough skin. (AC +1)


Message History

The scorpion stings you.
You are more poisoned.
The scorpion poisons you!
You barely miss the scorpion.
You feel very sick. The scorpion barely misses you.
You claw the scorpion!
The scorpion is heavily wounded.
You feel very sick.
The scorpion stings you but does no damage.
You closely miss the scorpion.
The scorpion is heavily wounded.
You feel very sick. The scorpion stings you.
You scratch the scorpion but do no damage.
The scorpion is heavily wounded.
You feel sick. The scorpion stings you!
A necrophage comes into view.
You completely miss the scorpion.
The scorpion is heavily wounded.
You feel sick. The scorpion stings you.
* * * LOW HITPOINT WARNING * * *
The scorpion stings you!
* * * LOW HITPOINT WARNING * * *
You feel sick.
You feel sick.
You feel sick.
You feel sick.
You feel sick.
The scorpion stings you but does no damage.
You feel sick.
You feel sick.
You are no longer poisoned.
The scorpion stings you.
* * * LOW HITPOINT WARNING * * *
The scorpion stings you!
* * * LOW HITPOINT WARNING * * *
You are lethally poisoned!
The scorpion poisons you!
You die...

### #. #.#
#. #.# #.#
#.#
##..###@#
.###...8...#
......8.8.s#
##.8...8.#
###8..∩..8#
>....8...8.#
####..8.8..#
#....8...##
#..##......#


You could see a scorpion.

Vanquished Creatures
  An orc priest (D:3)
  A centaur skeleton (D:5)
  A bullfrog skeleton (D:4)
  4 adders
  An adder skeleton (D:4)
  A worm (D:2)
  2 dart slugs (D:2)
  5 orcs (D:3)
  5 bats
  9 endoplasms
  3 giant cockroaches (D:3)
  7 goblins
  4 hobgoblins
  6 jackals
  3 quokkas
  4 ball pythons
  2 frilled lizards
  7 kobolds
  A rat (D:3)
67 creatures vanquished.

Vanquished Creatures (others)
  17 fungi (D:5)
17 creatures vanquished.

Grand Total: 84 creatures vanquished

Notes
Turn   | Place    | Note
-------+----------+-------------------------------------------
     0 | D:1      | ploum the Troll Monk began the quest for the Orb.
     0 | D:1      | Reached XP level 1. HP: 22/22 MP: 0/0
   201 | D:1      | Reached XP level 2. HP: 29/29 MP: 1/1
   971 | D:2      | Reached XP level 3. HP: 36/36 MP: 2/2
  1204 | D:2      | Reached skill level 4 in Unarmed Combat
  1480 | D:3      | Reached XP level 4. HP: 44/44 MP: 3/3
  1641 | D:3      | Found Zuzuus's Antique Weapon Shoppe.
  1647 | D:3      | Found a faded altar of an unknown god.
  1715 | D:3      | Found Biuhonku's Book Shop.
  1830 | D:3      | Found Meguin's General Store.
  2148 | D:3      | Found Rugariorch's Weapon Shop.
  2256 | D:4      | Reached XP level 5. HP: 41/52 MP: 4/4
  2390 | D:4      | Reached skill level 5 in Unarmed Combat
  2690 | D:4      | Identified the +1 plate armour of the Past {Str+6 Int-5}
  3064 | D:5      | Entered Level 5 of the Dungeon
  3064 | D:5      | Found Zeolaw's Assorted Antiques.
  3099 | D:5      | Noticed a necrophage
  3113 | D:5      | HP: 1/52 [scorpion (7)]
  3114 | D:5      | Succumbed to a scorpion's poison

Illustrated notes

Levels and vault maps discovered:
D:1:      mrwooster_arrival_arrow, layout_loops_corners
D:2:      layout_loops_cross, st_stairs_3, minmay_tetromino_t4
D:3:      layout_loops_corners, hellmonk_ecumenical_altar_heavens_door,
          serial_shops, shop, shop, nicolae_diamond_shop, shop_coins
D:4:      layout_basic
D:5:      layout_rooms, serial_shops, nicolae_diamond_shop, serial_aquarium,
          aquarium_bridge_island_small [aquarium_subvault_small_water,
          aquarium_subvault_wall, aquarium_subvault_bridge,
          aquarium_subvault_window, aquarium_subvault_bridge],
          aquarium_window_corridor_1, aquarium_window_corner, aquarium_view_4,
          aquarium_balcony_5b, aquarium_pool_2

Skill      XL: |  1  2  3  4  5 |
---------------+----------------+-----
Dodging        | 3 |  3.4
Unarmed Combat | 4 5 |  5.2
Fighting       | |  2.9
Stealth        | |  1.0

Action                   |  1- 3 |  4- 6 || total
-------------------------+-------+-------++-------
Melee: Unarmed           |    92 |    90 ||   182
       Punch             |     1 |     3 ||     4
  Use: Scroll            |       |     3 ||     3
 Stab: Sleeping          |     3 |     2 ||     5
Armor: Robe              |    39 |    21 ||    60
Dodge: Dodged            |    54 |    35 ||    89

Table legend: (Time is in decaauts)
 A = Elapsed time spent in this place.
 B = Non-inter-level travel time spent in this place.
 C = Inter-level travel time spent in this place.
 D = Time resting spent in this place.
 E = Time spent auto-exploring this place.
 F = Levels seen in this place.
 G = Mean time per level.
                   A        B        C        D        E       F      G
               +--------+--------+--------+--------+--------+-----+--------+
         Total |   3099 |   2963 |    136 |      0 |   2464 |   5 |  619.8 |
       Dungeon |   3099 |   2963 |    136 |      0 |   2464 |   5 |  619.8 |
               +--------+--------+--------+--------+--------+-----+--------+

Top non-repeatable levels by time:
     D:4: 839 daAuts
     D:3: 827 daAuts
     D:1: 798 daAuts
     D:2: 586 daAuts
     D:5: 48 daAuts
